 Dungeon Crawl Stone Soup version 0.29.0-10-g45618ea6d2 (webtiles) character file.

Game seed: 11104886833393878987

209 Kahsius the Insei (level 5, 0/42 HPs)
             Began as a Draconian Transmuter on Sept 1, 2022.
             Slain by Grinder (5 damage)
             ... on level 4 of the Dungeon.
             The game lasted 00:08:34 (4690 turns).

Kahsius the Insei (Draconian Transmuter)            Turns: 4690, Time: 00:08:35

Health: 0/42       AC:  5    Str: 12    XL:     5   Next: 55%
Magic:  10/10      EV: 12    Int: 17    God:
Gold:   199        SH:  4    Dex: 12    Spells: 9/10 levels left

rFire   . . .      SeeInvis .     - Unarmed
rCold   . . .      Faith    .   (no shield)
rNeg    . . .      Spirit   .   (body armour unavailable)
rPois   .          Reflect  .   (helmet restricted)
rElec   .          Harm     .   (no cloak)
rCorr   .          Rampage  .   (no gloves)
Will    .....                   (no boots)
Stlth   +.........              (no amulet)
HPRegen 0.14/turn               (no ring)
MPRegen 0.12/turn               (no ring)

@: no status effects
A: AC +5, unfitting armour, cold-blooded, large bone plates 1, clever 1, high MP
1
a: no special abilities


You were on level 4 of the Dungeon.
You visited 1 branch of the dungeon, and saw 4 of its levels.

You collected 199 gold pieces.

Inventory:

Scrolls
 c - a scroll of fog {unknown}
 h - a scroll of fear
Potions
 a - a potion of lignification
 b - a potion of curing {unknown}
 d - 4 potions of might
 f - a potion of heal wounds
 g - a potion of degeneration


   Skills:
 + Level 2.7 Fighting
 + Level 2.8 Dodging
 + Level 3.9 Unarmed Combat
 + Level 3.0 Spellcasting
 + Level 3.1 Transmutations


You had 9 spell levels left.
You knew the following spells:

 Your Spells              Type           Power      Damage    Failure   Level
a - Beastly Appendage     Tmut           26%        N/A       4%          1

Your spell library contained the following spells:

 Spells                   Type           Power      Damage    Failure   Level
 Wereblood                Tmut           13%        N/A       8%          2
 Spider Form              Tmut/Pois      7%         N/A       28%         3
 Ozocubu's Armour         Ice            2%         N/A       45%         3
 Ice Form                 Ice/Tmut       7%         N/A       67%         4
 Ozocubu's Refrigeration  Ice            1%         4d7       100%        7


Dungeon Overview and Level Annotations

Branches:
Dungeon (4/15)
 Temple: D:4-7

Altars:
Cheibriados
Gozag
Uskayaw
Xom

Annotations:
D:4 Grinder


Innate Abilities, Weirdness & Mutations

Your plain brown scales are hard. (AC +5)
You cannot fit into any form of body armour.
You are cold-blooded and may be slowed by cold attacks.
You are partially covered in large bone plates. (SH +4)
Your mind is acute. (Int +4, Str/Dex -1)
You have an increased reservoir of magic. (+10% MP)


Message History

Grinder zaps a wand.
The bolt of dispelling energy hits you.
Grinder zaps a wand.
The bolt of dispelling energy hits you!
* * * LOW HITPOINT WARNING * * *
There is an open door here.
There is an open door here.
You close the door.
Grinder gestures at you.
You barely resist. Grinder gestures at you. Pain shoots through your body!
* * * LOW HITPOINT WARNING * * *
Okay, then.
You feel much better.
You open the door. Grinder gestures at you. Pain shoots through your body!
There is an open door here.
You close the door.
Sorry, you're not good enough to have a special ability.
You grow a pair of large bovine horns.
Your feet morph into talons.
Your transformation is almost over.
You closely miss Grinder. You headbutt Grinder.
Grinder is lightly wounded.
Grinder gestures at you.
You suddenly lose the ability to move!
Grinder zaps a wand.
The bolt of dispelling energy hits you!!
Your magical effects are unravelling.
You can move again.
You barely miss Grinder. Your headbutt misses Grinder.
Grinder is lightly wounded.
Your horns disappear.
Your talons disappear.
Grinder hits you but does no damage.
You barely miss Grinder.
You tail-slap Grinder, but do no damage.
Grinder is lightly wounded.
Grinder hits you!
* * * LOW HITPOINT WARNING * * *
You writhe in agony.
You die...

#######......#
............)#############
.........................#
.........................######
...............................
........5..............).......
......................<........
.............##5##.............
.......#'#####..@#5............
.......#....#....#.......######
.......#..<.#....#.......#
.......#....####+#.......#
.......#....#......###+###
.......#....#......#
.......#....#......#
#####..#....#......#
....#..###..#......#


You could see Grinder.

Vanquished Creatures
  A centaur (D:4)
  An orc wizard (D:3)
  2 adders (D:4)
  2 worms (D:3)
  5 dart slugs
  4 orcs (D:3)
  3 endoplasms
  2 giant cockroaches
  6 hobgoblins
  4 jackals (D:2)
  7 kobolds
  3 quokkas (D:1)
  4 ball pythons
  16 bats
  2 frilled lizards (D:1)
  3 goblins
  3 rats (D:1)
68 creatures vanquished.

Notes
Turn   | Place    | Note
-------+----------+-------------------------------------------
     0 | D:1      | Kahsius the Draconian Transmuter began the quest for the
                  | Orb.
     0 | D:1      | Reached XP level 1. HP: 16/16 MP: 3/3
   438 | D:1      | Reached XP level 2. HP: 18/23 MP: 3/5
  1386 | D:1      | Reached XP level 3. HP: 29/29 MP: 4/6
  1702 | D:2      | Found a shimmering altar of Xom.
  2800 | D:3      | Reached XP level 4. HP: 17/36 MP: 5/7
  3749 | D:3      | Found a hide-covered altar of Uskayaw.
  3750 | D:3      | Found an opulent altar of Gozag.
  3755 | D:3      | Found a snail-covered altar of Cheibriados.
  3855 | D:3      | Gained mutation: You have an increased reservoir of magic.
                  | (+10% MP) [potion of mutation]
  3855 | D:3      | Gained mutation: You are partially covered in large bone
                  | plates. (SH +4) [potion of mutation]
  3855 | D:3      | Gained mutation: Your mind is acute. (Int +4, Str/Dex -1)
                  | [potion of mutation]
  3872 | D:4      | Noticed a centaur
  4330 | D:4      | Killed a centaur
  4331 | D:4      | Reached XP level 5. HP: 29/42 MP: 7/10
  4629 | D:4      | Noticed Grinder
  4687 | D:4      | Paralysed by Grinder for 5 turns
  4690 | D:4      | Slain by Grinder

Illustrated notes

Levels and vault maps discovered:
D:1:      heliophobic_arrival_dark_side_of_the_moon, layout_basic
D:2:      layout_basic, basic_altar
D:3:      layout_basic, slow_altar_2, gammafunk_temple_overflow_wave,
          chequers_arboretum, minmay_misc_feat_doors
D:4:      layout_gridville, minmay_temple_entry_junction_2,
          kennysheep_generic_room_10, uniq_grinder, uniq_eustachio,
          uniq_blork_the_orc

Skill      XL: |  1  2  3  4  5 |
---------------+----------------+-----
Dodging        | 2 |  2.8
Fighting       | 2 |  2.7
Transmutations | 3 |  3.1
Spellcasting   | 3 |  3.0
Unarmed Combat | |  3.9

Action                   |  1- 3 |  4- 6 || total
-------------------------+-------+-------++-------
Melee: Unarmed           |   127 |    60 ||   187
       Headbutt          |    17 |    11 ||    28
       Kick              |    24 |    17 ||    41
       Tailslap          |     7 |     5 ||    12
       Punch             |     2 |       ||     2
 Cast: Beastly Appendage |    30 |    19 ||    49
  Use: Potion            |     4 |     5 ||     9
       Scroll            |     4 |     3 ||     7
 Stab: Sleeping          |     1 |     1 ||     2
Armor: Skin              |    48 |    13 ||    61
Dodge: Dodged            |    74 |    30 ||   104
Block: Other             |       |     2 ||     2
